 Dungeon Crawl Stone Soup version 0.17.1-2-g5865329 (webtiles) character file.

52 FortyThree the Chiller (level 3, -3/24 HPs)
             Began as a Demonspawn Ice Elementalist on Jan 20, 2016.
             Was an Initiate of Ashenzari.
             Slain by Jessica (4 damage)
             ... on level 2 of the Dungeon.
             The game lasted 00:05:29 (1724 turns).

FortyThree the Chiller (DsIE)                       Turns: 1724, Time: 00:05:29

Health: -3/24      AC:  4    Str:  8    XL:     3   Next: 60%
Magic:  6/6        EV: 12    Int: 16    God:    Ashenzari [......]
Gold:   92         SH:  0    Dex: 14    Spells: 2 memorised, 3 levels left

rFire  . . .     SeeInvis .     o - +1 dagger (venom)
rCold  . . .     Clarity  .     a - +0 robe
rNeg   . . .     SustAt   .     (no shield)
rPois  .         Gourm    .     (no helmet)
rElec  .         Spirit   .     (no cloak)
rCorr  .         Warding  .     (no gloves)
rMut   .         Stasis   .     (no boots)
MR     .....                    (no amulet)
Stlth  ++........               (no ring)
                                (no ring)

@: very slightly contaminated, hasted, very quick, not resistant to hostile
enchantments, unstealthy
A: talons 1, thin metallic scales 1
a: Renounce Religion


You were on level 2 of the Dungeon.
You worshipped Ashenzari.
Ashenzari was noncommittal.
You were not hungry.

You visited 1 branch of the dungeon, and saw 2 of its levels.

You collected 92 gold pieces.

Inventory:

Hand Weapons
 g - a +0 dagger
 k - a +1 dagger of draining
 l - a +2 dagger of speed
 o - a +1 dagger of venom (weapon)
Armour
 a - a +0 robe (worn)
Wands
 r - a wand of flame (12)
Scrolls
 d - a scroll of noise {unknown}
 e - 4 scrolls of remove curse
 i - a scroll of teleportation {unknown}
 n - 2 scrolls of identify {unknown}
 q - a scroll of magic mapping {unknown}
Potions
 j - a potion of heal wounds {unknown}
 m - a potion of cure mutation {unknown}
 p - a potion of curing {unknown}
Books
 b - a book of Frost

   Spells                             Type                      Level
   a - Freeze                         Ice                          1
   b - Throw Frost                    Conjuration/Ice              2
   c - Ozocubu's Armour               Charms/Ice                   3
   d - Throw Icicle                   Conjuration/Ice              4
   e - Summon Ice Beast               Ice/Summoning                4
   f - Condensation Shield            Ice                          4
Comestibles
 c - 3 bread rations
 f - a meat ration


   Skills:
 + Level 0.0 Fighting
 - Level 1.7 Dodging
 - Level 1.7 Stealth
 - Level 2.0 Spellcasting
 - Level 2.0 Conjurations
 + Level 3.8 Ice Magic


You had 3 spell levels left.
You knew the following spells:

 Your Spells              Type           Power        Failure   Level  Hunger
a - Freeze                Ice            ##..         6%          1    #......
b - Throw Frost           Conj/Ice       ##....       12%         2    ###....


Dungeon Overview and Level Annotations

Branches:
Dungeon (2/15)

Altars:
Ashenzari
Vehumet
The Shining One

Annotations:
D:2 Jessica


Innate Abilities, Weirdness & Mutations

You have sharp toenails.
You are partially covered in thin metallic scales (AC +2).


Message History

You kill the worm!
Your Conjurations skill increases to level 2!
r - a wand of flame Jessica the Apprentice Sorceress comes into view.
Jessica shouts!
Jessica gestures wildly.
Jessica zaps a wand.
The puff of flame hits you!
It is a wand of flame.
Jessica zaps a wand.
The puff of flame misses you.
Jessica zaps a wand.
The puff of flame hits you!
* * * LOW HITPOINT WARNING * * *
Found a scroll labeled WAOLOWANAL.
Drink which item? (? for menu, Esc to quit)
It was a potion of haste.
You feel yourself speed up.
Jessica points at you and mumbles some strange words.
You barely resist.
You are very lightly contaminated with residual magic.
You hit Jessica.
Jessica is poisoned.
Jessica is moderately wounded.
Jessica hits you.
You die...

#.#.#.###..###..
#.#.#.#...## #.
#.#.#.#..## #
#†#.#...##..8..+
#......##..8.8..
#....### .8._.8.
#########.#....# ..8.8..
..........#.....##..8..#
.......@..#####..##...##
......@...# ...##.##
#########.# #..# #.# ...
#.# #. #.# ?#


You could see Jessica.

Vanquished Creatures
  An adder (D:2)
  An ooze (D:1)
  2 worms (D:2)
  6 bats
  7 goblins
  2 hobgoblins
  3 kobolds
  2 quokkas (D:2)
  9 rats
33 creatures vanquished.

Notes
Turn   | Place    | Note
--------------------------------------------------------------
     0 | D:1      | FortyThree the Demonspawn Ice Elementalist began the quest for the Orb.
     0 | D:1      | Reached XP level 1. HP: 13/13 MP: 3/3
   243 | D:1      | Reached skill level 3 in Ice Magic
   347 | D:1      | Gained mutation: You have sharp toenails. [demonic ancestry]
   347 | D:1      | Reached XP level 2. HP: 14/19 MP: 0/5
   479 | D:1      | Found a shattered altar of Ashenzari.
   503 | D:1      | Became a worshipper of Ashenzari the Shackled
   544 | D:1      | Learned a level 2 spell: Throw Frost
   954 | D:2      | Found a radiant altar of Vehumet.
  1016 | D:2      | Gained mutation: You are partially covered in thin metallic scales (AC +2). [demonic ancestry]
  1016 | D:2      | Reached XP level 3. HP: 13/24 MP: 3/6
  1690 | D:2      | Found a glowing golden altar of the Shining One.
  1715 | D:2      | Noticed Jessica
  1721 | D:2      | HP: 1/24 [Jessica/wand of flame (9)]
  1724 | D:2      | Slain by Jessica

Action                   || total
-------------------------++-------
Melee: Dagger            ||    79
 Cast: Freeze            ||    21
  Use: Potion            ||     1
 Stab: Sleeping          ||     1
  Eat: Chunk             ||     3
